Cogmind - Beta 11 *** ADVENTURER MODE // 2022.03.25 @ 16:06:37 Player: Patbot Result: Core destroyed Performance ------------- Evolutions (3) 1500 Regions Visited (12) 2400 Robots Destroyed (116) 580 Value Destroyed (3905) 3905 Prototype IDs (39) 780 Alien Tech Used (0) 0 Bonus (800) 800 TOTAL SCORE: 9965 Bonus ------- Entered DSFs 500 Aligned with FarCom 300 Cogmind --------- Core Integrity 0/700 Matter 51/300 Energy 325/325 System Corruption 0% Temperature Critical (14239) Movement Core (900) Ox17 Location -7/DSF Parts ------- > --- POWER (1) -------- Antimatter Reactor > --- PROPULSION (2) --- Heavy Treads > --- UTILITY (8) ------ Advanced Cryofiber Web Large Storage Unit Machine Analyzer Improved Signal Interpreter Advanced Targeting Computer Hacking Suite System Shield Dynamic Insulation System > --- WEAPON (2) ------- Gauss Cannon Missile Launcher > --- INVENTORY (15) --- Micro Nuclear Core Improved Sensor Array Improved Sensor Array Advanced Targeting Computer Launcher Guidance Computer Graphene Brace System Shield Authchip [R/Combat] Authchip [Storage] System Restoration Module Ion Cannon Advanced Assault Cannon Advanced EMP Blaster Guided EMP Blaster Peak State ------------ > --- POWER ------------ Antimatter Reactor > --- PROPULSION ------- Heavy Treads > --- UTILITY ---------- Advanced Cryofiber Web Large Storage Unit Machine Analyzer Improved Signal Interpreter Advanced Targeting Computer Hacking Suite System Shield Dynamic Insulation System > --- WEAPON ----------- Gauss Cannon Missile Launcher > --- INVENTORY -------- Micro Nuclear Core Mini Fusion Reactor Improved Sensor Array Improved Sensor Array Advanced Targeting Computer Launcher Guidance Computer Graphene Brace System Shield Authchip [Storage] System Restoration Module Ion Cannon Advanced Assault Cannon Advanced EMP Blaster Guided EMP Blaster [Rating: 59] Favorites ----------- Power Nuclear Core Engine Light Ion Engine Power Core Nuclear Core Reactor Antimatter Reactor Propulsion Light Treads Treads Light Treads Leg Carbon-fiber Leg Hover Unit Aerolev Unit Flight Unit Cooled VTOL Module Utility System Shield Device Sensor Array Storage Large Storage Unit Processor Signal Interpreter Hackware System Shield Protection Hardened Light Armor Plating Weapon Mining Claw Energy Gun Beamcaster Energy Cannon Ion Cannon Ballistic Gun Assault Rifle Ballistic Cannon Gauss Cannon Launcher EMP Blaster Special Weapon Field Lobotomy Kit Slashing Weapon Mining Claw Special Melee Weapon Improved Datajack Build | -11 -10 -10 -9 -9 -9 -8 -8 -8 -7 -7 -7 -7 ------- Run | Scr Mat Min Mat Min Exi Min Mat Sto Fac Was Fac DSF Slots Evolved 6 | . . . 2 . . . 2 . 2 . . . Power . | . . . . . . . . . . . . . Propulsion . | . . . . . . . . . . . . . Utility 6 | . . . 2 . . . 2 . 2 . . . Weapon . | . . . . . . . . . . . . . Parts Attached 120 | 2 11 2 30 6 2 6 27 14 10 8 . 2 Power 13 | 1 1 1 3 . . 1 1 1 1 3 . . Engine 7 | 1 1 1 2 . . . . 1 1 . . . Core 3 | . . . 1 . . 1 1 . . . . . Reactor 3 | . . . . . . . . . . 3 . . Propulsion 20 | . 2 . 4 1 . 2 3 6 1 1 . . Treads 15 | . 2 . 4 1 . . 2 4 1 1 . . Leg 3 | . . . . . . 2 1 . . . . . Wheel . | . . . . . . . . . . . . . Hover 1 | . . . . . . . . 1 . . . . Flight 1 | . . . . . . . . 1 . . . . Utility 39 | . 5 1 15 . . . 9 . 5 2 . 2 Device 24 | . 3 1 11 . . . 4 . 2 2 . 1 Storage 2 | . . . 1 . . . 1 . . . . . Processor 5 | . 2 . . . . . . . 2 . . 1 Hackware 6 | . . . 3 . . . 2 . 1 . . . Protection 2 | . . . . . . . 2 . . . . . Artifact . | . . . . . . . . . . . . . Weapon 48 | 1 3 . 8 5 2 3 14 7 3 2 . . Energy Gun 8 | . . . 3 . . 1 1 2 1 . . . Energy Cannon 5 | . . . . 3 1 . 1 . . . . . Ballistic Gun 13 | 1 2 . 2 . . 1 5 2 . . . . Ballistic Cannon 1 | . . . . . . . . . . 1 . . Launcher 8 | . . . . . . . 4 2 1 1 . . Special Weapon 1 | . . . . . 1 . . . . . . . Impact Weapon . | . . . . . . . . . . . . . Slashing Weapon 8 | . 1 . 3 2 . 1 1 . . . . . Piercing Weapon . | . . . . . . . . . . . . . Special Melee Weapon 4 | . . . . . . . 2 1 1 . . . Unidentified Prototypes 8 | . . . 3 . . . . 2 2 1 . . Parts Lost 23 | . . . 5 1 . . 11 5 . . . 1 Power 2 | . . . 1 . . . 1 . . . . . Propulsion 5 | . . . 2 1 . . 2 . . . . . Utility 9 | . . . 2 . . . 3 3 . . . 1 Weapon 7 | . . . . . . . 5 2 . . . . Highest Loss Streak 9 | . . . 2 1 . . 9 3 . . . 1 To Critical Strikes 1 | . . . 1 . . . . . . . . . Average Slot Usage (%) 94 | . 94 100 92 90 97 90 91 97 93 92 92 91 Engine 5 | . 14 14 9 . . . . 3 7 . . . Core 4 | . . . 1 11 11 11 7 5 . . . . Treads 17 | . 27 28 20 13 22 6 6 18 15 7 7 7 Leg 2 | . . . . . . 10 10 . . . . . Device 8 | . 11 14 14 . . . 2 8 14 14 15 14 Storage 5 | . . . 1 11 11 11 8 9 7 7 7 7 Processor 10 | . 11 14 11 11 11 11 1 . 14 15 15 21 Hackware 17 | . . . 13 22 22 22 34 35 22 23 23 17 Energy Gun 1 | . . . 2 . . 6 . 4 1 . . . Energy Cannon 2 | . . . . 9 11 4 . . . . . . Ballistic Gun 9 | . 19 14 11 11 7 2 8 5 . . . . Launcher 1 | . . . . . . . 2 6 5 7 7 7 Slashing Weapon 4 | . 8 14 8 1 . 4 . . . . . . Naked Turns . | . . . . . . . . . . . . . Heaviest Build 55 | 5 15 10 32 36 49 49 41 40 45 55 55 55 Greatest Support 70 | 3 40 40 46 43 43 43 40 44 50 70 70 70 Greatest Overweight (x) 17 | 1 1 . 1 1 1 3 6 . 1 . . 17 Average Overweight (x) . | . . . . . . 1 . . . . . 2 Largest Inventory Capacity 15 | 5 5 5 15 15 15 15 15 15 15 15 15 15 Average Capacity 11 | 5 5 5 5 15 15 15 14 15 15 15 15 15 Most Carried 15 | 4 5 5 7 14 15 15 15 15 15 15 15 15 Average Carried 9 | 2 4 4 4 9 14 14 12 13 13 14 15 14 Final Capacity 15 | 5 5 5 15 15 15 15 15 15 15 15 15 15 Final Carried 15 | 3 5 5 7 14 14 15 12 15 15 15 15 15 Class Distribution -------------------- 61% | Hacker-Mutant 29% | Mutant 6% | Hacker-Skirmisher Dominant Class ---------------- Mutant | -10/Materials Mutant | -10/Mines Hacker-Mutant | -9/Materials Hacker-Mutant | -9/Mines Hacker-Mutant | -9/Exiles Hacker-Mutant | -8/Mines Hacker-Mutant | -8/Materials Hacker-Mutant | -8/Storage Hacker-Skirmisher | -7/Factory Hacker-Mutant | -7/Waste Hacker-Mutant | -7/Factory Hacker-Mutant | -7/DSF Resources | -11 -10 -10 -9 -9 -9 -8 -8 -8 -7 -7 -7 -7 ----------- Run | Scr Mat Min Mat Min Exi Min Mat Sto Fac Was Fac DSF Matter Collected 2930 | 122 273 326 422 175 . 109 595 372 91 223 . 222 Remotely . | . . . . . . . . . . . . . Salvage Created 4093 | . 287 76 567 519 . 351 678 1170 169 . . 276 Parts 238 | . 29 6 42 24 . 10 37 65 9 . . 16 Haulers Intercepted 7 | . . . 1 . . . 1 3 1 . . 1 Recyclers Shooed 2 | . . . . . . . 1 . 1 . . . Parts Field Recycled 1 | . 1 . . . . . . . . . . . Retrieved Matter 2 | . 2 . . . . . . . . . . . Parts Self-Destructed . | . . . . . . . . . . . . . Prevented . | . . . . . . . . . . . . . Kills | -11 -10 -10 -9 -9 -9 -8 -8 -8 -7 -7 -7 -7 ------- Run | Scr Mat Min Mat Min Exi Min Mat Sto Fac Was Fac DSF Combat Hostiles Destroyed 81 | . 7 3 11 15 . 4 12 18 3 . . 8 Melee 1 | . . . 1 . . . . . . . . . Guns 38 | . 7 3 10 2 . . 6 10 . . . . Cannons 17 | . . . . 13 . . 1 . . . . 3 AOE 21 | . . . . . . 1 5 8 2 . . 5 Classes Destroyed 17 | . 4 1 5 2 . 2 . . 1 . . 2 Worker 9 | . 1 . 3 . . . 1 3 1 . . . Builder 4 | . . 1 2 . . . . 1 . . . . Tunneler 2 | . . . 1 . . 1 . . . . . . Hauler 7 | . . . 1 . . . 1 3 1 . . 1 Recycler 1 | . . . . . . 1 . . . . . . Operator 3 | . . . 2 . . . . 1 . . . . Watcher 10 | . 3 . 3 . . . 3 1 . . . . Swarmer 14 | . 3 3 1 3 . . . 4 . . . . Grunt 37 | . 4 . 7 10 . 3 3 6 1 . . 3 Brawler 2 | . . . 1 . . . . 1 . . . . Duelist 4 | . . . . 1 . . 1 2 . . . . Sentry 13 | . . . 2 . . . 6 5 . . . . Specialist 3 | . . . . . . . . . . . . 3 Hunter 5 | . . . . . . 1 2 . 1 . . 1 Programmer 1 | . . . . . . . . . 1 . . . Heavy 1 | . . . . . . . . . . . . 1 Assembled 1 | . . . . 1 . . . . . . . . Best Kill Streak 7 | . 3 3 5 5 . 4 3 4 2 . . 7 Combat Bots Only 7 | . 3 3 3 5 . 4 3 3 1 . . 7 Max Kills in Single Turn 3 | . 1 1 1 1 . 2 1 3 2 . . 2 Gunslinging . | . . . . . . . . . . . . . Exploded 2 | . . . . . . 1 1 1 1 . . 2 Melee 1 | . . . 1 . . . . . . . . . Uniques/NPCs Destroyed . | . . . . . . . . . . . . . Combat | -11 -10 -10 -9 -9 -9 -8 -8 -8 -7 -7 -7 -7 -------- Run | Scr Mat Min Mat Min Exi Min Mat Sto Fac Was Fac DSF Damage Taken 4895 | . 334 37 587 349 . 55 1719 634 89 . . 1091 Core 1473 | . 112 12 85 73 . 5 350 76 3 . . 757 Absorbed by Shields 243 | . . . . . . . 87 . 33 . . 123 Core Remaining (%) 57 | 100 . 50 . . . 59 . 22 . . . . Volleys Fired 431 | . 102 46 52 30 . 4 71 81 14 . . 31 Largest 2 | . 2 1 2 2 . 2 2 2 1 . . 2 Hottest 250 | . 40 20 88 83 . 250 98 83 61 . . 84 Shots Fired 608 | . 153 49 81 60 . 5 102 108 14 . . 36 Gun 483 | . 153 49 81 30 . 2 78 88 2 . . . Cannon 75 | . . . . 30 . 3 11 . . . . 31 Launcher 50 | . . . . . . . 13 20 12 . . 5 Special . | . . . . . . . . . . . . . Kinetic 438 | . 153 49 52 30 . 1 75 47 . . . 31 Thermal 79 | . . . 29 30 . 4 14 . 2 . . . Explosive 11 | . . . . . . . 6 . . . . 5 Electromagnetic 80 | . . . . . . . 7 61 12 . . . Robot Hit Streak 19 | . 14 6 10 18 . 5 19 14 3 . . 16 Robot Miss Streak 3 | . 2 2 3 1 . 1 3 3 1 . . 1 Penetration Max 1 | . . . . . . . . . . . . 1 Secondary Targets 3 | . 1 . . . . . 1 1 . . . . Max Gunslinging Chain 1 | . 1 . . . . . 1 1 . . . . Shots Hit Robots 352 | . 42 8 65 43 . 6 87 67 3 . . 31 Core Hits 179 | . 17 4 28 19 . 10 35 43 9 . . 14 Critical Kills . | . . . . . . . . . . . . . Critical Parts Destroyed 2 | . . . . . . . 2 . . . . . Critical Strikes 11 | . . . 2 . . . 3 . . . . 6 Burn 2 | . . . 2 . . . . . . . . . Destroy 3 | . . . . . . . 3 . . . . . Blast 6 | . . . . . . . . . . . . 6 Melee Attacks 130 | . 43 21 29 11 . 4 21 1 . . . . Impact . | . . . . . . . . . . . . . Slashing 125 | . 43 21 29 11 . 4 17 . . . . . Piercing . | . . . . . . . . . . . . . Sneak Attacks 16 | . . 2 5 1 . 4 4 . . . . . Combat Hostiles . | . . . . . . . . . . . . . Follow-up Attacks . | . . . . . . . . . . . . . Damage Inflicted 8540 | . 514 163 1171 910 . 516 1729 1774 517 . . 1246 Guns 3510 | . 479 70 795 188 . . 1161 817 . . . . Cannons 1744 | . . . . 666 . 103 230 . . . . 745 Explosions 2451 | . 27 . . . . 203 332 878 510 . . 501 Melee 685 | . . 93 362 46 . 184 . . . . . . Ramming 150 | . 8 . 14 10 . 26 6 79 7 . . . Kinetic 3447 | . 479 70 490 188 . . 1119 356 . . . 745 Thermal 1726 | . . . 305 666 . 306 272 177 . . . . Explosive 871 | . 27 . . . . . 161 . 182 . . 501 Electromagnetic 1661 | . . . . . . . 171 1162 328 . . . Impact . | . . . . . . . . . . . . . Slashing 685 | . . 93 362 46 . 184 . . . . . . Piercing . | . . . . . . . . . . . . . Highest Corruption 10 | . 1 1 1 1 1 1 5 10 . . . . Average Corruption 1 | . 1 1 1 1 1 1 4 5 . . . . Corruption Purged . | . . . . . . . . . . . . . Corruption Blocked . | . . . . . . . . . . . . . Effects 124 | . 17 10 5 13 13 11 28 27 . . . . Message Errors 44 | . 5 5 2 5 7 2 5 13 . . . . Matter Fused 26 | . 1 1 2 4 3 1 10 4 . . . . Heat Flow Errors 14 | . 2 1 1 1 2 3 3 1 . . . . Energy Discharges 9 | . . . . 3 1 . 2 3 . . . . Data Loss (minor) 11 | . 2 . . . . 2 4 3 . . . . Data Loss (major) 8 | . 3 . . . . 2 2 1 . . . . Misfires 10 | . 3 3 . . . . 2 2 . . . . Alerts 1 | . . . . . . 1 . . . . . . Weapon Failures 1 | . 1 . . . . . . . . . . . Overload Shots . | . . . . . . . . . . . . . Overflow Damage 113 | . . 8 27 8 . 20 10 8 22 . . 10 Projectiles 22 | . . . . 2 . . 10 . . . . 10 Explosions 30 | . . . . . . . . 8 22 . . . Melee 61 | . . 8 27 6 . 20 . . . . . . Knockbacks 5 | . . . . . . 1 . . . . . 4 Impact 1 | . . . . . . 1 . . . . . . Kinetic 4 | . . . . . . . . . . . . 4 Secondary . | . . . . . . . . . . . . . Self-Inflicted Damage 293 | . 82 . . . . 33 91 87 . . . . Shots 18 | . 2 . . . . 4 6 6 . . . . Rammed 20 | . 4 . 4 2 . . 1 8 1 . . . Targets Rammed 29 | . 4 . 5 2 . 3 5 9 1 . . . Kicked 7 | . . . . . . 3 4 . . . . . Crushed 2 | . . . 1 . . . . 1 . . . . Highest Temperature 14239 | . 154 217 248 266 268 713 283 192 8 . . 14239 Average Temperature 1247 | . 37 114 49 84 118 234 117 66 5 . . 5057 Received Heat Transfer 1614 | . 144 . 213 171 . 9 736 180 22 . . 139 Effects 114 | . . . . 2 . 11 3 . . . . 98 Shutdowns 18 | . . . . . . 2 . . . . . 16 Energy Bleed 17 | . . . . . . 2 1 . . . . 14 Interference 9 | . . . . 2 . . 2 . . . . 5 Matter Decay 8 | . . . . . . . . . . . . 8 Short Circuit 5 | . . . . . . 2 . . . . . 3 Damage (minor) 18 | . . . . . . 1 . . . . . 17 Damage (major) 32 | . . . . . . 4 . . . . . 28 Damage (core) 7 | . . . . . . . . . . . . 7 Siege Activations . | . . . . . . . . . . . . . Robots Corrupted 1 | . . . . . . . . . 1 . . . Combat Hostiles 1 | . . . . . . . . . 1 . . . Parts Fried 10 | . . . . . . . 1 7 2 . . . Impact Corruptions . | . . . . . . . . . . . . . Robots Melted 3 | . . . . . . 3 . . . . . . Combat Hostiles 3 | . . . . . . 3 . . . . . . Parts Melted 8 | . . . . 2 . 6 . . . . . . Heat Transferred 4125 | . . . 888 1073 . 1520 444 200 . . . . Parts Sabotaged . | . . . . . . . . . . . . . Parts Stolen . | . . . . . . . . . . . . . Parts Stripped . | . . . . . . . . . . . . . Power Chain Reactions 7 | . . . . . . . . 7 . . . . Missiles Intercepted . | . . . . . . . . . . . . . Alert | -11 -10 -10 -9 -9 -9 -8 -8 -8 -7 -7 -7 -7 ------- Run | Scr Mat Min Mat Min Exi Min Mat Sto Fac Was Fac DSF Peak Influence 280 | . 280 76 155 176 . 141 215 269 108 23 . 219 Initial 33 | . . 6 . . . . . . 33 23 . . Average 59 | . 103 8 41 58 . 3 65 124 32 13 . 188 Maximum Alert Level 1 | . 1 . . . . . 1 1 . . . 1 Low Security (%) 92 | 100 79 100 100 100 . 100 99 77 100 100 100 34 Level 1 7 | . 20 . . . . . . 22 . . . 65 Level 2 . | . . . . . . . . . . . . . Level 3 . | . . . . . . . . . . . . . Level 4 . | . . . . . . . . . . . . . Level 5 . | . . . . . . . . . . . . . High Security . | . . . . . . . . . . . . . Max Security . | . . . . . . . . . . . . . Sterilizations 1 | . . . . . . . . . . . . 1 Squads Dispatched 17 | . 1 . 5 . . . 2 5 2 . . 2 Investigation 4 | . 1 . 2 . . . . 1 . . . . Extermination 1 | . . . . . . . . . 1 . . . Reinforcement 9 | . . . 3 . . . 2 1 1 . . 2 Assault . | . . . . . . . . . . . . . Garrison 3 | . . . . . . . . 3 . . . . Intercept . | . . . . . . . . . . . . . Searches Triggered . | . . . . . . . . . . . . . Construction Impeded 1 | . . . . . . . 1 . . . . . Haulers Reinforced 1 | . . . . . . . . . 1 . . . Active Scanning Responses . | . . . . . . . . . . . . . Cargo Convoy Interrupts . | . . . . . . . . . . . . . Stealth | -11 -10 -10 -9 -9 -9 -8 -8 -8 -7 -7 -7 -7 --------- Run | Scr Mat Min Mat Min Exi Min Mat Sto Fac Was Fac DSF Distress Signals 10 | . 1 . 4 . . . 1 4 . . . . Communications Jammed . | . . . . . . . . . . . . . Distress Signals . | . . . . . . . . . . . . . Times Spotted 135 | . 13 3 34 15 . 4 23 27 8 . . 8 Peak Tracking Total 5 | . 2 3 5 3 . 4 4 5 2 . . 4 Tactical Retreats 7 | . . . 1 . . . . 3 3 . . . Traps | -11 -10 -10 -9 -9 -9 -8 -8 -8 -7 -7 -7 -7 ------- Run | Scr Mat Min Mat Min Exi Min Mat Sto Fac Was Fac DSF Traps Triggered 9 | . 2 . 1 . . . 1 2 2 . . 1 Indirectly 1 | . . . . . . . . . 1 . . . Trap Hack Attempts . | . . . . . . . . . . . . . Triggered . | . . . . . . . . . . . . . Disarmed . | . . . . . . . . . . . . . Reprogrammed 7 | . . . . . . . . 7 . . . . Reused 3 | . . . . . . . . 3 . . . . Traps Extracted . | . . . . . . . . . . . . . Installed . | . . . . . . . . . . . . . Triggered 4 | . . . . . . . . 4 . . . . Machines | -11 -10 -10 -9 -9 -9 -8 -8 -8 -7 -7 -7 -7 ---------- Run | Scr Mat Min Mat Min Exi Min Mat Sto Fac Was Fac DSF Machines Disabled 53 | . 25 2 7 3 . 2 4 3 6 . . 1 Max in Single Turn 4 | . 2 1 1 1 . 1 1 1 4 . . 1 Garrison Access 1 | . . . . . . . . . 1 . . . Machines Sabotaged . | . . . . . . . . . . . . . Garrisons Compromised . | . . . . . . . . . . . . . Overloaded Fab Kills . | . . . . . . . . . . . . . Hacking | -11 -10 -10 -9 -9 -9 -8 -8 -8 -7 -7 -7 -7 --------- Run | Scr Mat Min Mat Min Exi Min Mat Sto Fac Was Fac DSF Machines Accessed 47 | . 9 1 8 . 5 1 7 12 3 . 1 . Terminals 36 | . 8 . 7 . . 1 6 12 1 . 1 . Fabricators 1 | . . . . . . . . . 1 . . . Repair Stations . | . . . . . . . . . . . . . Recycling Units 1 | . 1 . . . . . . . . . . . Scanalyzers 2 | . . . 1 . . . 1 . . . . . Garrison Access 1 | . . . . . . . . . 1 . . . Total Hacks 244 | . 38 1 39 . 50 4 48 55 7 . 2 . Successful 183 | . 27 1 26 . 50 2 41 31 4 . 1 . Failed 61 | . 11 . 13 . . 2 7 24 3 . 1 . Catastrophic 8 | . . . 2 . . . 1 4 1 . . . Database Lockouts . | . . . . . . . . . . . . . Manual 97 | . 21 2 16 . 3 4 21 27 3 . . . Terminals 157 | . 37 . 31 . . 4 25 55 3 . 2 . Fabricators 1 | . . . . . . . . . 1 . . . Repair Stations . | . . . . . . . . . . . . . Recycling Units 1 | . 1 . . . . . . . . . . . Scanalyzers 31 | . . . 8 . . . 23 . . . . . Garrison Access 3 | . . . . . . . . . 3 . . . Terminal Hacks 112 | . 18 1 11 . 50 . 11 19 1 . 1 . Record 54 | . 2 . 1 . 49 . . 1 1 . . . Prototype ID Bank 6 | . 1 . . . . . 2 3 . . . . Open Door 7 | . . 1 . . . . . 6 . . . . Open DSF 1 | . . . . . . . . . . . 1 . Branch Access Points 2 | . . . 1 . . . 1 . . . . . Emergency Access Points 1 | . 1 . . . . . . . . . . . Terminal Index 5 | . 2 . 1 . . . 1 1 . . . . Repair Station Index 1 | . . . . . . . 1 . . . . . Alert Level 9 | . 4 . 1 . . . 4 . . . . . Unreport Threat 1 | . . . . . . . 1 . . . . . Locate Traps 4 | . 1 . 1 . . . . 2 . . . . Reprogram Traps 2 | . . . . . . . . 2 . . . . Dispatch Records 1 | . . . 1 . . . . . . . . . Maintenance Status 1 | . 1 . . . . . . . . . . . Surveillance Status 1 | . . . 1 . . . . . . . . . Patrol Status 2 | . 2 . . . . . . . . . . . Transport Status 2 | . 1 . 1 . . . . . . . . . Recall Reinforcements 2 | . . . . . . . 1 1 . . . . Hauler Manifests 4 | . 1 . 2 . . . . 1 . . . . Registered Components 3 | . 1 . 1 . . . . 1 . . . . Registered Prototypes 1 | . 1 . . . . . . . . . . . Zone Layout 1 | . . . . . . . . 1 . . . . EX-Prototype ID Bank 1 | . . . . . 1 . . . . . . . Fabricator Hacks 1 | . . . . . . . . . 1 . . . Build 1 | . . . . . . . . . 1 . . . Repair Station Hacks . | . . . . . . . . . . . . . Recycling Unit Hacks 1 | . 1 . . . . . . . . . . . Retrieve Matter 1 | . 1 . . . . . . . . . . . Scanalyzer 31 | . . . 8 . . . 23 . . . . . Insert Component 15 | . . . 4 . . . 11 . . . . . Analyze 16 | . . . 4 . . . 12 . . . . . Garrison Access Hacks 1 | . . . . . . . . . 1 . . . Seal Access 1 | . . . . . . . . . 1 . . . Unauthorized Hacks 37 | . 8 . 7 . . 2 7 12 1 . . . Terminals 37 | . 8 . 7 . . 2 7 12 1 . . . Track 2 | . . . . . . . . 2 . . . . Assimilate 8 | . 1 . 1 . . 1 1 4 . . . . Botnet 27 | . 7 . 6 . . 1 6 6 1 . . . Fabricators . | . . . . . . . . . . . . . Repair Stations . | . . . . . . . . . . . . . Recycling Units . | . . . . . . . . . . . . . Scanalyzers . | . . . . . . . . . . . . . Garrison Access . | . . . . . . . . . . . . . Data Cores Recovered . | . . . . . . . . . . . . . Used . | . . . . . . . . . . . . . Hacking Detections 26 | . 8 . 7 . . 1 3 5 2 . . . Full Trace Events 4 | . . . 3 . . . . 1 . . . . Feedback Events . | . . . . . . . . . . . . . Feedback Blocked . | . . . . . . . . . . . . . Robot Schematics Acquired . | . . . . . . . . . . . . . Robots Built . | . . . . . . . . . . . . . Authchips . | . . . . . . . . . . . . . Time . | . . . . . . . . . . . . . Total Robot Build Rating . | . . . . . . . . . . . . . Part Schematics Acquired 14 | . . . 3 . . . 11 . . . . . Parts Built 1 | . . . . . . . . . 1 . . . Authchips . | . . . . . . . . . . . . . Time 117 | . . . . . . . . . 117 . . . Total Part Build Rating 7 | . . . . . . . . . 7 . . . Parts Repaired . | . . . . . . . . . . . . . Time . | . . . . . . . . . . . . . Parts Recycled . | . . . . . . . . . . . . . Recycled Matter . | . . . . . . . . . . . . . Retrieved Matter 237 | . 237 . . . . . . . . . . . Retrieved Components . | . . . . . . . . . . . . . Parts Scanalyzed 14 | . . . 3 . . . 11 . . . . . Part Schematics Acquired 14 | . . . 3 . . . 11 . . . . . Parts Damaged 2 | . . . 1 . . . 1 . . . . . Bothacking | -11 -10 -10 -9 -9 -9 -8 -8 -8 -7 -7 -7 -7 ------------ Run | Scr Mat Min Mat Min Exi Min Mat Sto Fac Was Fac DSF Used RIF Installer . | . . . . . . . . . . . . . Robots Hacked 1 | . . . . . . . 1 . . . . . Non-combat 1 | . . . . . . . 1 . . . . . Combat . | . . . . . . . . . . . . . Robot Hacks Applied 2 | . . . . . . . 2 . . . . . parse_system 1 | . . . . . . . 1 . . . . . no_distress 1 | . . . . . . . 1 . . . . . Relay Couplers Released . | . . . . . . . . . . . . . Fabnet Peak Effective % . | . . . . . . . . . . . . . Robots Rewired . | . . . . . . . . . . . . . Allies Hacked . | . . . . . . . . . . . . . Hacks Repelled . | . . . . . . . . . . . . . Allies | -11 -10 -10 -9 -9 -9 -8 -8 -8 -7 -7 -7 -7 -------- Run | Scr Mat Min Mat Min Exi Min Mat Sto Fac Was Fac DSF Total Allies . | . . . . . . . . . . . . . Largest Group . | . . . . . . . . . . . . . Highest-Rated Group . | . . . . . . . . . . . . . Highest-Rated Ally . | . . . . . . . . . . . . . Total Orders 6 | . . . 6 . . . . . . . . . EXPLORE 6 | . . . 6 . . . . . . . . . Ally Attacks 16 | . . . 16 . . . . . . . . . Total Damage . | . . . . . . . . . . . . . Kills . | . . . . . . . . . . . . . Allies Corrupted . | . . . . . . . . . . . . . Allies Melted . | . . . . . . . . . . . . . Intel | -11 -10 -10 -9 -9 -9 -8 -8 -8 -7 -7 -7 -7 ------- Run | Scr Mat Min Mat Min Exi Min Mat Sto Fac Was Fac DSF Robot Analysis Total . | . . . . . . . . . . . . . Derelict Logs Recovered 3 | . . 1 . 2 . . . . . . . . Drone Launches 16 | . . . 16 . . . . . . . . . Drone Recoveries . | . . . . . . . . . . . . . Exploration | -11 -10 -10 -9 -9 -9 -8 -8 -8 -7 -7 -7 -7 ------------- Run | Scr Mat Min Mat Min Exi Min Mat Sto Fac Was Fac DSF Turns Passed 15825 | 29 2440 1365 2271 1561 1398 1401 1608 1285 1317 693 12 445 Spaces Moved 7904 | 28 1278 734 1190 659 822 561 707 639 712 421 8 145 Core 102 | 28 30 . . . . . 26 . . . . 18 Treads 7017 | . 1248 734 1190 659 822 154 303 639 712 421 8 127 Legs 785 | . . . . . . 407 378 . . . . . Wheels . | . . . . . . . . . . . . . Hover . | . . . . . . . . . . . . . Flight . | . . . . . . . . . . . . . Fastest Speed 50 | 50 100 160 160 160 160 190 50 145 145 152 160 160 Average Speed 172 | 80 158 160 162 213 169 233 175 149 159 159 160 251 Slowest Speed 900 | 100 160 160 240 240 240 330 350 160 225 160 160 900 Overloaded Moves . | . . . . . . . . . . . . . Propulsion Burnouts . | . . . . . . . . . . . . . Robots Hopped . | . . . . . . . . . . . . . Cave-ins Triggered 1 | . . . . . . . 1 . . . . . Exploration Rate (%) 71 | 3 98 98 76 98 93 80 51 82 14 95 . 67 Regions Visited 12 Branch Regions 5 Pre-discovered Areas 2 | . . . . 1 1 . . . . . . . Known Exits Taken 8 | . 1 1 1 1 1 1 1 . . . 1 . Unknown Exits Taken 2 | 1 . . . . . . . 1 . . . . Scrap Searched 5 | . . 2 . 1 . 2 . . . . . . Spaces Dug 76 | . 25 13 6 5 . . 27 . . . . . Terrain Destroyed 362 | . 163 13 6 5 . 15 77 23 19 . . 41 Melee 62 | . 25 13 6 5 . . 13 . . . . . Projectile 1 | . . . . . . 1 . . . . . . AOE 299 | . 138 . . . . 14 64 23 19 . . 41 Terrain Rammed . | . . . . . . . . . . . . . Walls Destroyed . | . . . . . . . . . . . . . Machines Disabled . | . . . . . . . . . . . . . Actions | -11 -10 -10 -9 -9 -9 -8 -8 -8 -7 -7 -7 -7 --------- Run | Scr Mat Min Mat Min Exi Min Mat Sto Fac Was Fac DSF Total 9231 | 34 1451 839 1389 728 831 638 931 857 886 446 7 194 Wait 405 | . . 26 29 13 . 52 64 90 126 . . 5 Move 7893 | 27 1277 733 1189 658 821 560 706 638 712 420 7 145 Hop . | . . . . . . . . . . . . . Pick Up 132 | 5 11 5 30 8 3 5 26 13 14 7 . 5 Fast Attach 4 | . . . . . . . . . 1 3 . . Attach 62 | 2 6 1 17 1 2 4 15 3 7 2 . 2 Detach 8 | . . . 5 . 1 . 2 . . . . . Swap 54 | . 5 1 13 5 . 2 12 11 2 3 . . Drop 78 | . 3 6 20 . 4 4 9 8 9 11 . 4 Fire 431 | . 102 46 52 30 . 4 71 81 14 . . 31 Melee 130 | . 43 21 29 11 . 4 21 1 . . . . Ram 1 | . . . . . . . 1 . . . . . Kick 7 | . . . . . . 3 4 . . . . . Crush 21 | . 4 . 5 2 . . . 9 1 . . . Escape Stasis . | . . . . . . . . . . . . . Rewire 5 | . . . . . . . . 3 . . . 2 Trap . | . . . . . . . . . . . . . Miscellaneous . | . . . . . . . . . . . . . Route ------- -11/Scrapyard -10/Materials (discovered 4 exits: *Mat x3 / *Min) -10/Mines (discovered 2 exits: *Mat x2) -9/Materials (discovered 3 exits: *Mat x2 / *Min) -9/Mines (discovered 3 exits: *Mat x2 / *Exi) -9/Exiles (discovered 2 exits: *Min x2) -8/Mines -8/Materials (discovered 3 exits: *Fac / *Sto x2) -8/Storage (discovered 2 exits: *Fac / Rec) -7/Factory -7/Waste -7/Factory -7/DSF (discovered 1 exit: [*Fac]) History --------- Turn | Location | Event 15 | -11/Scrapyard | Discovered new exit (range 15) 30 | -11/Scrapyard | Entered Materials 231 | -10/Materials | Discovered new exit (range 5) 306 | -10/Materials | Build established: Mutant 684 | -10/Materials | Discovered new exit (range 16) 794 | -10/Materials | Discovered new exit (range 16) 820 | -10/Materials | Identified exit to Materials 1478 | -10/Materials | Discovered new exit (range 7) 1486 | -10/Materials | Identified exit to Mines 2470 | -10/Materials | Entered Mines 2483 | -10/Mines | Met a Derelict bent on vengeance 2819 | -10/Mines | Discovered exit to Materials (range 4) 2971 | -10/Mines | Learned Materials emergency access door positions 3518 | -10/Mines | Found the Drone Emporium 3531 | -10/Mines | Found Prototype Device 3571 | -10/Mines | Discovered exit to Materials (range 9) 3835 | -10/Mines | Entered Materials 3835 | -9/Materials | Evolved 2 slots: Utility x2 3837 | -9/Materials | Identified Bomb Drone Bay 4079 | -9/Materials | Discovered new exit (range 21) 4288 | -9/Materials | Discovered new exit (range 46) 4297 | -9/Materials | Discovered new exit (range 51) 5037 | -9/Materials | Build established: Hacker-Mutant 5154 | -9/Materials | Identified exit to Mines 5377 | -9/Materials | Identified exit to Materials 6106 | -9/Materials | Entered Mines 6283 | -9/Mines | Learned location of Zion (-7) 6456 | -9/Mines | Excavation squad dispatched 6456 | -9/Mines | A large section of the Mines collapsed 6672 | -9/Mines | Discovered exit to Materials (range 9) 6765 | -9/Mines | Received a Rocket Launcher from a helpful Derelict 6979 | -9/Mines | Deemed a non-threat by the Exiles lab entrance 6981 | -9/Mines | Discovered new exit (range 5) 6988 | -9/Mines | Identified exit to Exiles 7249 | -9/Mines | Joined a pair of Derelicts in attacking an 0b10 outpost 7492 | -9/Mines | Discovered exit to Materials (range 15) 7667 | -9/Mines | Entered Exiles 7691 | -9/Exiles | Discovered new exit (range 15) 7712 | -9/Exiles | Identified exit to Mines 7746 | -9/Exiles | Met 8R-AWN 7775 | -9/Exiles | Met EX-HEX 7840 | -9/Exiles | Met EX-DEC 7957 | -9/Exiles | Discovered exit to Mines (range 12) 8072 | -9/Exiles | Met EX-BIN 8103 | -9/Exiles | Aligned with FarCom system 8104 | -9/Exiles | Given EX-Vault access code 8179 | -9/Exiles | Opened EX-Vault 8202 | -9/Exiles | Found Field Lobotomy Kit 8235 | -9/Exiles | Warned to stay clear of 0b10 Research branches 8389 | -9/Exiles | Visited The Gauntlet 8833 | -9/Exiles | Found Firepult 9065 | -9/Exiles | Left Exiles lab with Firepult 9065 | -9/Exiles | Entered Mines 9868 | -8/Mines | Discovered exit to Materials (range 6) 10466 | -8/Mines | Entered Materials 10466 | -8/Materials | Evolved 2 slots: Utility x2 10645 | -8/Materials | Crushed by falling debris 10674 | -8/Materials | Identified exit to Storage 11435 | -8/Materials | Core integrity fell below 50% 11462 | -8/Materials | Lost 9 parts (1p2n2u4w) 11867 | -8/Materials | Discovered new exit (range 13) 12074 | -8/Materials | Entered Storage 12075 | -8/Storage | Identified exit to Recycling 13144 | -8/Storage | Garrison activated, responded to threat 13243 | -8/Storage | Discovered new exit (range 15) 13342 | -8/Storage | System corruption reached 10% 13359 | -8/Storage | Entered Factory 13359 | -7/Factory | Evolved 2 slots: Utility x2 13371 | -7/Factory | Lost 3 parts (2u1w) 13650 | -7/Factory | Build established: Hacker-Assassin 13973 | -7/Factory | Build established: Hacker-Skirmisher 14115 | -7/Factory | Fabricated Adv. Cryofiber Web (x1) 14676 | -7/Factory | Sucked down chute 14676 | -7/Factory | Entered Waste 14676 | -7/Waste | The area was eerily silent 14925 | -7/Waste | Discovered new exit (range 13) 14998 | -7/Waste | Identified exit to Factory 15016 | -7/Waste | Build established: Hacker-Mutant 15369 | -7/Waste | Entered Factory 15379 | -7/Factory | Identified exit to DSF 15381 | -7/Factory | Entered DSF 15413 | -7/DSF | Additional patrols routed to DSF 15457 | -7/DSF | Discovered new exit (range 15) 15475 | -7/DSF | Destroyed 7 combat bots 15546 | -7/DSF | Sterilization system engaged 15566 | -7/DSF | Ambient heat levels rising (+10) 15581 | -7/DSF | Ambient heat levels rising (+10) 15596 | -7/DSF | Ambient heat levels rising (+10) 15611 | -7/DSF | Ambient heat levels rising (+10) 15626 | -7/DSF | Ambient heat levels rising (+10) 15641 | -7/DSF | Ambient heat levels rising (+10) 15656 | -7/DSF | Ambient heat levels rising (+10) 15671 | -7/DSF | Ambient heat levels rising (+10) 15686 | -7/DSF | Ambient heat levels rising (+10) 15701 | -7/DSF | Ambient heat levels rising (+10) 15716 | -7/DSF | Ambient heat levels rising (+10) 15731 | -7/DSF | Ambient heat levels rising (+10) 15746 | -7/DSF | Ambient heat levels rising (+10) 15761 | -7/DSF | Ambient heat levels rising (+10) 15776 | -7/DSF | Ambient heat levels rising (+10) 15780 | -7/DSF | Core integrity fell below 50% 15791 | -7/DSF | Ambient heat levels rising (+10) 15806 | -7/DSF | Ambient heat levels rising (+10) 15819 | -7/DSF | Core integrity fell below 20% 15821 | -7/DSF | Ambient heat levels rising (+10) 15827 | -7/DSF | Core destroyed Last Messages --------------- 15796_ Power failure, Antimatter Reactor shutdown. 15800_ Overheating: Energy bleed (-42). 15802_ Overheating: Matter decay (-19). 15806_ Power failure, Antimatter Reactor shutdown. 15806_ ALERT: Ambient heat levels +10. 15809_ Overheating: Core damaged (-91). 15818_ Overheating: Antimatter Reactor damaged (-2). 15818_ Overheating: Missile Launcher damaged (-2). 15818_ Overheating: Broken Dynamic Insulation System damaged (-4). 15819_ Overheating: Core damaged (-112). 15820_ Overheating: Matter decay (-6). 15821_ ALERT: Ambient heat levels +10. 15824_ Power failure, Antimatter Reactor shutdown. 15827_ Overheating: Core damaged (-98). Map ----- +----------------------------------------------------+ | ?????????#"#?????????????????????? | | ??????####"##????????????????????? | | ??????#"""""#?###???#????????????? | | ??????#"""""## #&&&#// ???????? | | ????"##"" ??????? | | ????""""" ??????? | | ????###"" ##&&# ### #??????? | | ??????### ##??&#???### ##?????? | | ???????## ###??#????%% ?????? | | ???????# &&#????????% ??????? | | ???????# &&#????????% ??????? | | ???????## ###??????### ###????? | | ???????#& &&#??????#!! !!#????? | | ???????#& &&#??????#!! !!#????? | | ???????#&^^&&#???????!! !!?????? | | ??????### ^##########?# #?###### | | ??????#!!% ##***#!!!### ###***# | | ????###!! ## **#%!!#;% %##***# | | ????# ;// % !!!% | | ????###// !!!* | | ??????#// !! ! !% ! | | ??????# ## #]]]##!%!]%##!! #% | | ?????## ## #]]]###!%%###!!!#% | | ?????# #########*"!######## | | ?????# # / ####??#!! * ]]#????? | | ????# # @ / #! ]]#????? | | ????# / ##// ##!! ]]#????? | | ????## # # #??/ #### ###????? | | ????# # % %= #????#??[ ||?????? | | ????# # =* %##??????[[ ||#????? | | ????# ##%=###??????#[[ ||#????? | | ????# ##! ##??????### ###????? | | ????###?" #?????????# #??????? | | ????????"% ????????? ??????? | | ????????"<% ????????? ??????? | | ????????"%%"#?????????! !!?????? | | ?????????%""#?????????! !!?????? | | ?????????#"#??????????#######????? | | ?????????????????????????????????? | | ?????????????????????????????????? | | ?????????????????????????????????? | | ?????????????????????????????????? | | ?????????????????????????????????? | | ?????????????????????????????????? | | ?????????????????????????????????? | | | | | | | | | | | +----------------------------------------------------+ Best States ------------- Heat Dissipation 34 Energy Generation 21 Energy Capacity 325 Matter Stores 300 Matter Capacity 300 Sight Range 16 Robot Scan Range 15 Terrain Scan Range 16 Terrain Scan Density 10 ECM Strength 1 Base Temperature (-) 200 EM Shielding 2 Armor Coverage 150 Resistance: KI 20 Resistance: TH 20 Resistance: EX 20 Resistance: EM 20 Resistance: I 20 Resistance: S 20 Resistance: P 20 Utility Shielding 33 Evasion (%) 50 Targeting Accuracy 8 Recoil Reduction 2 Kinecelleration 30 Offensive Hacking 20 Defensive Hacking 40 Authchip Count 2 Item Schematics ----------------- Imp. Terrain Scanner | -9/Materials | Scanalyzed Mining Claw | -9/Materials | Scanalyzed Sensor Array | -9/Materials | Scanalyzed Imp. Datajack | -8/Materials | Scanalyzed Imp. Ion Engine | -8/Materials | Scanalyzed Adv. Targeting Computer | -8/Materials | Scanalyzed Seismic Detector | -8/Materials | Scanalyzed Rocket Launcher | -8/Materials | Scanalyzed Targeting Computer | -8/Materials | Scanalyzed Hcp. Storage Unit | -8/Materials | Scanalyzed Hvy. Particle Cannon | -8/Materials | Scanalyzed Shield Generator | -8/Materials | Scanalyzed Utility Shielding | -8/Materials | Scanalyzed Melee Analysis Suite | -8/Materials | Scanalyzed Robot Schematics ------------------ None Fabricated ------------ Adv. Cryofiber Web | x1 | -7/Factory | Preloaded Alien Tech Used ----------------- None Achievements -------------- It's Just You Just What I Needed Let's See Who's Tougher Oops Part-time Excavator Challenges ------------ None Game ------ Seed FlyingSmartbombSabre Manual? 0 Play Time 02:46:38 Cumulative 36.8 hours Start 2022.03.25 @ 13:09:54 End 2022.03.25 @ 16:06:37 Sessions 1 Manual Loads 0 Difficulty Adventurer Special Mode None Game No. 59 Rogue 53 Adventurer 6 Explorer 0 Win Type - Total 0 Types 0/0/0/0/0/0/0/0/0 Lore% 22 Gallery% 29 Achievement% 19 Wizard Run 0 Options --------- ASCII 0 Keyboard 0 Movement Numpad Keybinds 0 Fullscreen 1 Font 20/SmallcapsGlow Map View 50x50 Tactical HUD 1 Map Filters NONE Filters NONE Steam 1 RUN: 6dc92072-8c60-4686-bd2a-852299b473c1